 Dungeon Crawl Stone Soup version 0.21.1-1-g345015f (webtiles) character file.

150 letownia2 the Insei (level 5, -5/39 HPs)
             Began as a Merfolk Transmuter on Mar 15, 2018.
             Splashed by a hobgoblin's acid (12 damage)
             ... on level 3 of the Dungeon.
             The game lasted 00:06:43 (1203 turns).

letownia2 the Insei (Merfolk Transmuter)            Turns: 1203, Time: 00:06:44

Health: -5/39      AC:  2    Str: 11    XL:     5   Next: 32%
Magic:  5/8        EV: 21    Int: 12    God:
Gold:   114        SH:  0    Dex: 20    Spells: 2/8 levels left

rFire    . . .     SeeInvis .     - Unarmed
rCold    . . .     Gourm    .   (shield currently unavailable)
rNeg     . . .     Faith    .   (armour currently unavailable)
rPois    x         Spirit   .   (helmet currently unavailable)
rElec    .         Reflect  .   (cloak currently unavailable)
rCorr    .         Harm     .   (gloves currently unavailable)
MR       .....                  (boots currently unavailable)
Stlth    ++........             (no amulet)
HPRegen  0.13/turn              (no ring)
MPRegen  0.11/turn              (no ring)

@: spider-form
A: tiny, (change form in water), (swift swim), (stealthy swim)
a: End Transformation


You were on level 3 of the Dungeon.
You were not hungry.
You were a venomous arachnid creature.
You visited 1 branch of the dungeon, and saw 4 of its levels.

You collected 114 gold pieces.

Inventory:

Missiles
 a - 28 arrows
 f - 16 sling bullets
Armour
 b - a +0 robe (melded)
 e - a +0 ring mail
 g - a +0 leather armour
 j - a +0 ring mail
Jewellery
 o - an uncursed ring of fire
Wands
 h - a wand of random effects (16)
Scrolls
 m - a scroll of fog {unknown}
 n - 3 scrolls of identify {unknown}
Potions
 k - a potion of haste
 l - a potion of curing {unknown}
 p - a potion of might {unknown}
Books
 c - a book of Changes

   Spells                             Type                      Level
   a - Beastly Appendage              Transmutation                1
   b - Sticks to Snakes               Transmutation                2
   c - Spider Form                    Transmutation/Poison         3
   d - Ice Form                       Ice/Transmutation            4
   e - Blade Hands                    Transmutation                5
Comestibles
 d - 6 rations
 i - 7 chunks of flesh


   Skills:
 + Level 2.3 Fighting
 - Level 2.6 Dodging
 + Level 4.7 Unarmed Combat
 - Level 2.0 Spellcasting
 + Level 4.4 Transmutations
 - Level 1.6 Poison Magic


You had 2 spell levels left.
You knew the following spells:

 Your Spells              Type           Power        Failure   Level  Hunger
a - Beastly Appendage     Tmut           ##....       13%         1    ##.....
l - Sticks to Snakes      Tmut           ##......     19%         2    ###....
p - Spider Form           Tmut/Pois      #.........   45%         3    ####...


Dungeon Overview and Level Annotations

Branches:
Dungeon (4/15)
 Temple: D:4-7

Altars:

Annotations:
D:4 Agrougrou's ghost, amateur OgSk


Message History

Found a stone staircase leading up and a stone staircase leading down.
p - a blue potion
Found 9 gold pieces.
There is a stone staircase leading up here.
You climb upwards.
The frilled lizard hisses angrily.
The hobgoblin shouts! 2 gnolls come into view.
The gnoll shouts!
Found a ration.
There is a stone staircase leading down here.
Unknown command.
Unknown command.
Casting: Spider Form
Confirm with . or Enter, or press ? or * to list all spells.
You turn into a venomous arachnid creature.
Your +0 robe melds into your body.
The hobgoblin zaps a wand.
The bolt of acid hits you!
* * * LOW HITPOINT WARNING * * *
You are splashed with acid!
The acid burns!
You die...

#*....,,...**,,,,,,* *,,,,,,,,**
#*...#***..,,,**,..#**..,,,,,,,**
#....# *#,,****,..#*...,,,,,,,,*
.....#***..,* ##,..##..,,,,,,,,,*
.....#,,,,#.*##.,.....,.,,,,,,,,*
......,**##..#..*...##..,,,,,,,**
..##..,*,.......,...l....,*,,,,*
.##**#,,,.###%..#...#...#****,,#
## ****.,..g....s.gg....# **.#
**,...,...##.#....$...######.##
###..#**,*,,.....<###$..........#
<...#* *,*,##,#.............(....
########.#...,..#.....†#....#....
#...g......g...##...##)...%..#...
.l######................#........
### *,,.....####..............
**,,,.,,* #...÷##.##.....


You could see 2 gnolls, a hobgoblin and a frilled lizard.

Vanquished Creatures
  A howler monkey (D:2)
  4 adders
  A gnoll (D:2)
  An ooze (D:2)
  3 worms
  A dart slug (D:1)
  A leopard gecko (D:1)
  4 orcs
  6 bats
  3 giant cockroaches
  3 goblins
  6 hobgoblins
  3 jackals (D:4)
  A quokka (D:2)
  3 frilled lizards
  4 kobolds
  A quokka skeleton (D:4)
  7 rats
53 creatures vanquished.

Notes
Turn   | Place    | Note
-------+----------+-------------------------------------------
     0 | D:1      | letownia2 the Merfolk Transmuter began the quest for the Orb.
     0 | D:1      | Reached XP level 1. HP: 15/15 MP: 3/3
    92 | D:2      | Reached XP level 2. HP: 21/21 MP: 3/5
   169 | D:2      | Learned a level 2 spell: Sticks to Snakes
   244 | D:2      | Reached XP level 3. HP: 20/26 MP: 4/6
   249 | D:2      | Learned a level 3 spell: Spider Form
   283 | D:2      | Reached skill level 1 in Poison Magic
   469 | D:3      | Reached XP level 4. HP: 11/32 MP: 1/7
   774 | D:2      | Reached XP level 5. HP: 15/38 MP: 5/8
  1018 | D:4      | Noticed Agrougrou's ghost (amateur OgSk)
  1203 | D:3      | Splashed by a hobgoblin's acid

Skill      XL: |  1  2  3  4 |
---------------+-------------+-----
Transmutations | 3 4 |  4.4
Unarmed Combat | 4 |  4.7
Poison Magic   | 1 |  1.6
Fighting       | 2 |  2.3
Dodging        | |  2.6
Spellcasting   | |  2.0

Action                   |  1- 3 |  4- 6 || total
-------------------------+-------+-------++-------
Melee: Unarmed           |    85 |    56 ||   141
       Headbutt          |     4 |     1 ||     5
       Punch             |     2 |       ||     2
 Cast: Beastly Appendage |    11 |     1 ||    12
       Spider Form       |     3 |    13 ||    16
 Abil: End Transformatio |     1 |       ||     1
  Use: Scroll            |       |     2 ||     2
 Stab: Sleeping          |     2 |       ||     2
  Eat: Chunk             |       |     4 ||     4
Armor: Robe              |    14 |     2 ||    16
       Skin              |       |     5 ||     5
Dodge: Dodged            |    62 |    85 ||   147
